 Dungeon Crawl Stone Soup version 0.29-a0-275-g389c0b56f3 (webtiles) character file.

Game seed: 564388279912521242

82 Ajdolov the Sneak (level 4, -4/28 HPs)
             Began as an Octopode Transmuter on Mar 12, 2022.
             Slain by Jessica
             ... wielding a +0 dagger
              (6 damage)
             ... on level 3 of the Dungeon.
             The game lasted 00:02:53 (3340 turns).

Ajdolov the Sneak (Octopode Transmuter)             Turns: 3340, Time: 00:02:54

Health: -4/28      AC:  1    Str:  9    XL:     4   Next: 43%
Magic:  16/16      EV: 13    Int: 17    God:
Gold:   96         SH:  5    Dex: 12    Spells: 2/7 levels left

rFire   . . .      SeeInvis .     - Unarmed
rCold   . . .      Faith    .   (no shield)
rNeg    . . .      Spirit   .   (helmet restricted)
rPois   .          Reflect  +   b - amulet of reflection
rElec   .          Harm     .   n - ring of magical power
rCorr   .          Rampage  .   (no ring)
Will    .....                   (no ring)
Stlth   ++++......              (no ring)
HPRegen 0.09/turn               (no ring)
MPRegen 0.15/turn               (no ring)
                                (no ring)
                                (no ring)

@: slowed, very slow
A: almost no armour, amphibious, 8 rings, camouflage 1, gelatinous body 1,
(nimble swimmer 1), tentacles
a: no special abilities


You were on level 3 of the Dungeon.
You visited 1 branch of the dungeon, and saw 3 of its levels.

You collected 96 gold pieces.

Inventory:

Hand Weapons
 a - a +0 hunting sling
Jewellery
 b - an amulet of reflection (around mantle)
 n - a ring of magical power (left tentacle)
Wands
 i - a wand of flame (18)
 m - a wand of digging (4)
Scrolls
 c - a scroll of vulnerability {unknown}
 d - a scroll of holy word {unknown}
 f - a scroll of blinking {unknown}
 g - a scroll of fear {unknown}
 h - 2 scrolls of identify {unknown}
 l - a scroll of immolation {unknown}
Potions
 e - 3 potions of attraction {unknown}
 j - a potion of mutation {unknown}
 k - 3 potions of heal wounds {unknown}
 o - a potion of lignification


   Skills:
 + Level 1.5 Fighting
 - Level 2.0 Dodging
 - Level 5.0 Stealth
 + Level 3.2 Unarmed Combat
 - Level 2.0 Spellcasting
 - Level 2.0 Transmutations


You had 2 spell levels left.
You knew the following spells:

 Your Spells              Type           Power      Damage    Failure   Level
a - Beastly Appendage     Tmut           16%        N/A       9%          1
b - Ice Form              Ice/Tmut       5%         N/A       77%         4

Your spell library contained the following spells:

 Spells                   Type           Power      Damage    Failure   Level
 Sting                    Tmut/Pois      20%        1d4       13%         1
 Wereblood                Tmut           8%         N/A       13%         2
 Freeze                   Ice            4%         1d3       19%         1
 Magic Dart               Conj           4%         1d3       19%         1
 Pain                     Necr           4%         1d4       19%         1
 Searing Ray              Conj           2%         2d4       28%         2
 Sublimation of Blood     Necr           1%         N/A       28%         2
 Spider Form              Tmut/Pois      5%         N/A       36%         3
 Gell's Gravitas          Tloc           1%         N/A       50%         3
 Teleport Other           Tloc           1%         N/A       50%         3
 Fulminant Prism          Conj/Hex       0%         3d6       88%         4
 Dispersal                Tloc           0%         N/A       100%        6
 Summon Hydra             Summ           0%         N/A       100%        7


Dungeon Overview and Level Annotations

Branches:
Dungeon (3/15)

Altars:
Elyvilon

Annotations:
D:3 Jessica


Innate Abilities, Weirdness & Mutations

You cannot wear most types of armour.
You are amphibious.
You can wear up to eight rings at the same time.
Your skin changes colour to match your surroundings (Stealth+).
Your rubbery body absorbs attacks. (AC +1, EV +1)
((You are camouflaged when in or above water. (Stealth+)))
You have tentacles for arms and can constrict up to eight enemies at once.


Message History

You shoot a sling bullet. The sling bullet hits Jessica.
Jessica is severely wounded.
Jessica points at you and mumbles some strange words.
Pain shoots through your body! Jessica closely misses you.
Jessica shouts, "I don't like beings like you!"
Jessica closely misses you.
Really attack while wielding your +0 hunting sling? [Y]es or [N]o only, please.
Really attack while wielding your +0 hunting sling? [Y]es or [N]o only, please.
Really attack while wielding your +0 hunting sling? [Y]es or [N]o only, please.
Really attack while wielding your +0 hunting sling? [Y]es or [N]o only, please.
Really attack while wielding your +0 hunting sling? [Y]es or [N]o only, please.
Really attack while wielding your +0 hunting sling? [Y]es or [N]o only, please.
Really attack while wielding your +0 hunting sling? [Y]es or [N]o only, please.
Really attack while wielding your +0 hunting sling? [Y]es or [N]o only, please.
Really attack while wielding your +0 hunting sling?
Okay, then.
You are now empty-tentacled.
You closely miss Jessica. Your grab misses Jessica.
Jessica is severely wounded.
Jessica hits you with a +0 dagger.
You barely miss Jessica. You grab Jessica.
Jessica is severely wounded.
You constrict Jessica. Jessica hits you with a +0 dagger.
Jessica points at you and mumbles some strange words.
Pain shoots through your body!
* * * LOW HITPOINT WARNING * * *
You tentacle-slap Jessica.
Jessica is almost dead.
You constrict Jessica, but do no damage.
Jessica hits you with a +0 dagger.
You die...

#.. ..# #.# #.###
#.# #.# #.... #.#
#.# ....# #.# #.#
##### ###.# #.#
..... ...# #@#
..#.. #.####@######
.....
######........?....
..#.#
#.........#.#####.#
..... #.######....#
.# #.#..
#####.#.#####.#
#.#..
#...........#.# #..
#.###.#.###.#.# #..
#.#.# #.#.### #..
#.#.###.#.... #..


You could see Jessica.

Vanquished Creatures
  3 adders
  4 orcs
  6 ball pythons
  3 endoplasms
  5 giant cockroaches
  5 hobgoblins
  4 quokkas
  5 bats (D:2)
  3 frilled lizards
  3 goblins
  2 kobolds
  4 rats
47 creatures vanquished.

Notes
Turn   | Place    | Note
-------+----------+-------------------------------------------
     0 | D:1      | Ajdolov the Octopode Transmuter began the quest for the
                  | Orb.
     0 | D:1      | Reached XP level 1. HP: 13/13 MP: 3/3
    22 | D:1      | Reached skill level 1 in Stealth
   232 | D:1      | Reached skill level 2 in Stealth
   239 | D:1      | Reached XP level 2. HP: 15/18 MP: 5/5
   499 | D:1      | Reached skill level 3 in Stealth
   979 | D:1      | Found a faded altar of an unknown god.
  1165 | D:2      | Found a white marble altar of Elyvilon.
  1187 | D:2      | Reached skill level 4 in Stealth
  1187 | D:2      | Reached XP level 3. HP: 23/23 MP: 6/6
  1993 | D:2      | Reached skill level 5 in Stealth
  2077 | D:2      | Reached XP level 4. HP: 21/28 MP: 7/7
  2353 | D:2      | Got Zegenol's Beginning Course on Witchery
  2799 | D:3      | Learned a level 4 spell: Ice Form
  3251 | D:3      | Noticed Jessica
  3340 | D:3      | Slain by Jessica

Illustrated notes

Levels and vault maps discovered:
D:1:      shiori_shiawase, layout_basic, hellmonk_ecumenical_altar_prayer_group,
          chequers_serial_rivers_small_3
D:2:      layout_loops_corners, basic_altar, minmay_tree_intersection,
          nicolae_elevator_lobby_asterisk
D:3:      layout_loops_ring, mainiacjoe_overflow_two_lobes, uniq_jessica

Skill      XL: |  1  2  3 |
---------------+----------+-----
Stealth        | 2 4 5 |  5.0
Fighting       | |  1.5
Dodging        | |  2.0
Unarmed Combat | |  3.2
Spellcasting   | |  2.0
Transmutations | |  2.0

Action                   |  1- 3 |  4- 6 || total
-------------------------+-------+-------++-------
Melee: Unarmed           |    77 |    41 ||   118
       Constrict         |    17 |     8 ||    25
       Tentacles         |    15 |     6 ||    21
       Punch             |     3 |     2 ||     5
 Fire: Hunting sling     |       |     4 ||     4
 Stab: Sleeping          |    15 |     7 ||    22
Armor: Skin              |     7 |       ||     7
Dodge: Dodged            |    36 |    16 ||    52

Table legend: (Time is in decaauts)
 A = Elapsed time spent in this place.
 B = Non-inter-level travel time spent in this place.
 C = Inter-level travel time spent in this place.
 D = Time resting spent in this place.
 E = Time spent auto-exploring this place.
 F = Levels seen in this place.
 G = Mean time per level.
                   A        B        C        D        E       F      G
               +--------+--------+--------+--------+--------+-----+--------+
         Total |   3335 |   3292 |     43 |    616 |   2290 |   3 | 1111.7 |
       Dungeon |   3335 |   3292 |     43 |    616 |   2290 |   3 | 1111.7 |
               +--------+--------+--------+--------+--------+-----+--------+

Top non-repeatable levels by time:
     D:2: 1353 daAuts
     D:1: 1126 daAuts
     D:3: 854 daAuts
